 Dungeon Crawl Stone Soup version 0.25.0-11-g1f837a76a1 (webtiles) character file.

Game seed: 15931243816583207457

94 Flugkiller the Shield-Bearer (level 4, 0/42 HPs)
             Began as a Deep Dwarf Fighter on June 27, 2020.
             Slain by an ogre
             ... wielding a +0 giant club
              (16 damage)
             ... on level 5 of the Dungeon.
             The game lasted 00:00:33 (522 turns).

Flugkiller the Shield-Bearer (Deep Dwarf Fighter)    Turns: 522, Time: 00:00:34

Health: 0/42       AC: 11    Str: 21    XL:     4   Next: 38%
Magic:  4/4        EV:  4    Int:  8    God:
Gold:   48         SH:  9    Dex: 12    Spells: 3/3 levels left

rFire    . . .     SeeInvis .   a - +0 war axe
rCold    . . .     Gourm    .   c - +0 kite shield
rNeg     . . .     Faith    .   l - +0 plate armour
rPois    .         Spirit   .   (no helmet)
rElec    .         Reflect  .   (no cloak)
rCorr    .         Harm     .   (no gloves)
MR       .....                  (no boots)
Stlth    ..........             (no amulet)
HPRegen  0.00/turn              (no ring)
MPRegen  0.09/turn              (no ring)

@: non-regenerating
A: damage resistance, heal wounds, sense surroundings 1, no regeneration
a: Heal Wounds


You were on level 5 of the Dungeon.
You were not hungry.

You visited 1 branch of the dungeon, and saw 5 of its levels.

You collected 48 gold pieces.

Inventory:

Hand Weapons
 a - a +0 war axe (weapon)
Armour
 b - a +0 scale mail
 c - a +0 kite shield (worn)
 l - a +0 plate armour (worn)
   (You found it on level 2 of the Dungeon)
Jewellery
 p - an uncursed ring of stealth {unknown}
   (You found it on level 3 of the Dungeon)
Scrolls
 f - a scroll of noise {unknown}
 j - 3 scrolls of teleportation {unknown}
 m - 2 scrolls of blinking {unknown}
 q - a scroll of fear {unknown}
Potions
 d - a potion of might
 g - a potion of cancellation {unknown}
 i - 2 potions of degeneration {unknown}
 k - 2 potions of curing {unknown}
 n - a potion of lignification {unknown}
 o - a potion of brilliance {unknown}
Comestibles
 e - 9 rations
 h - 5 chunks of flesh


   Skills:
 + Level 3.3 Fighting
 + Level 3.1 Axes
 + Level 4.0 Armour
 + Level 4.0 Shields


You had 3 spell levels left.
You didn't know any spells.
Your spell library was empty.

Dungeon Overview and Level Annotations

Branches:
Dungeon (5/15)
 Temple: D:4-7

Altars:


Innate Abilities, Weirdness & Mutations

You are resistant to damage.
You can heal yourself by infusing magical energy.
You passively map a small area around you.
You do not regenerate.


Message History

You feel much better.
You block the bullfrog zombie's attack. x2
You hit the ogre.
The ogre is lightly wounded.
You hit the bullfrog zombie.
The ogre hits you with a +0 giant club!!
The bullfrog zombie hits you but does no damage.
Your plate armour prevents you from hitting the ogre.
The ogre is lightly wounded.
You hit the bullfrog zombie.
The bullfrog zombie hits you but does no damage.
The ogre hits you but does no damage.
The bullfrog zombie hits you but does no damage.
You slash the ogre!
The ogre is severely wounded.
Your shield and plate armour prevent you from hitting the bullfrog zombie.
You block the bullfrog zombie's attack. The ogre hits you with a +0 giant club!
The bullfrog zombie hits you but does no damage.
You are too injured to fight recklessly!
You fail to use your ability.
The ogre hits you with a +0 giant club!
You die...

, * * *
* *,* *
, * , ,*
,
#.######
*** ,
#....Z.#
* **#@#
#O# #.#
#.# #.#
#.# #.#
#.# #.#


You could see an ogre and a bullfrog zombie.

Vanquished Creatures
  A crimson imp (D:2)
  A worker ant (D:4)
  2 adders
  A worm (D:3)
  A dart slug (D:4)
  A ball python (D:3)
  2 bats
  A giant cockroach (D:3)
  2 goblins
  2 hobgoblins (D:3)
  3 frilled lizards
  2 jackal skeletons (D:4)
  3 rats
22 creatures vanquished.

Notes
Turn   | Place    | Note
-------+----------+-------------------------------------------
     0 | D:1      | Flugkiller the Deep Dwarf Fighter began the quest for the
                  | Orb.
     0 | D:1      | Reached XP level 1. HP: 20/20 MP: 1/1
   121 | D:2      | Reached XP level 2. HP: 14/27 MP: 2/2
   204 | D:2      | Noticed a crimson imp
   222 | D:2      | Killed a crimson imp
   222 | D:2      | Reached XP level 3. HP: 34/34 MP: 3/3
   400 | D:4      | Reached XP level 4. HP: 37/42 MP: 4/4
   515 | D:5      | Entered Level 5 of the Dungeon
   515 | D:5      | Noticed an ogre
   522 | D:5      | Slain by an ogre

Illustrated notes

Levels and vault maps discovered:
D:1:      lightli_arrival_statuegarden, layout_basic, minmay_pentomino_x2
D:2:      layout_basic, lemuel_doored_altar
D:3:      layout_basic, grunt_temple_overflow_open
D:4:      layout_basic, first_ration, minmay_misc_feat_encased
D:5:      layout_loops_ring, uniq_sigmund

Skill      XL: |  1  2  3  4 |
---------------+-------------+-----
Fighting       | 3 |  3.3
Axes           | 3 |  3.1
Armour         | 4 |  4.0
Shields        | 4 |  4.0

Action                   |  1- 3 |  4- 6 || total
-------------------------+-------+-------++-------
Melee: War axe           |    89 |    18 ||   107
 Abil: Heal Wounds       |     1 |     1 ||     2
Armor: Scale mail        |    23 |       ||    23
       Plate armour      |    37 |    12 ||    49
Dodge: Dodged            |    17 |     2 ||    19
Block: Kite shield       |    42 |    15 ||    57
